 Dungeon Crawl Stone Soup version 0.18-a0-750-g37044d6 (webtiles) character file.

363 gorblad the Skirmisher (level 6, 0/58 HPs)
             Began as a Centaur Fighter on Dec 11, 2015.
             Slain by a river rat (4 damage)
             ... in a sewer.
             The game lasted 00:08:28 (3869 turns).

gorblad the Skirmisher (Centaur Fighter)            Turns: 3869, Time: 00:08:28

Health: 0/58       AC:  6    Str: 24    XL:     6   Next: 39%
Magic:  6/6        EV:  5    Int:  7    God:
Gold:   182        SH:  8    Dex:  8    Spells: 0 memorised, 5 levels left

rFire  . . .     SeeInvis .     a - +0 trident
rCold  . . .     Clarity  .     b - +0 scale mail
rNeg   . . .     SustAt   .     c - +0 shield
rPois  .         Gourm    .     (no helmet)
rElec  .         Spirit   .     (no cloak)
rCorr  .         Dismiss  .     (no gloves)
rMut   .         Stasis   .     (no barding)
MR     .....                    (no amulet)
Stlth  ..........               l - ring of wizardry
                                k - +3 ring of strength

@: very quick, not resistant to hostile enchantments, extremely unstealthy
A: hooves 3, deformed body, speed 2, tough skin 3
a: no special abilities


You were in a sewer.
You were not hungry.

You visited 1 branch of the dungeon, and saw 4 of its levels.
You also visited: Sewer.

You collected 182 gold pieces.

Inventory:

Hand Weapons
 a - a +0 trident (weapon)
Missiles
 g - 14 tomahawks (quivered)
Armour
 b - a +0 scale mail (worn)
 c - a +0 shield (worn)
Jewellery
 k - a +3 ring of strength (left hand)
 l - a ring of wizardry (right hand)
 p - an uncursed ring of magical power {unknown}
Scrolls
 f - 2 scrolls of identify {unknown}
 n - a scroll of blinking {unknown}
 o - a scroll of immolation {unknown}
 s - a scroll of amnesia {unknown}
Potions
 d - 2 potions of might
 i - a potion of degeneration {unknown}
 m - a potion of brilliance {unknown}
 q - 2 potions of curing {unknown}
 r - a potion of ambrosia {unknown}
 t - 2 potions of haste {unknown}
 w - 2 potions of magic {unknown}
 x - a potion of heal wounds {unknown}
Comestibles
 e - 2 bread rations
 h - a beef jerky
 j - 2 meat rations
 u - a slice of pizza
 v - 9 chunks of flesh


   Skills:
 * Level 6.5 Fighting
 + Level 3.2 Polearms
 - Level 2.1 Armour
 - Level 2.1 Shields


You had 5 spell levels left.
You didn't know any spells.

Dungeon Overview and Level Annotations

Branches:
Dungeon (4/15)
 Temple: D:4-7

Altars:
Pakellas


Innate Abilities, Weirdness & Mutations

You have hooves in place of feet.
Armour fits poorly on your strangely shaped body.
You cover ground very quickly.
You have extremely tough skin (AC +3).


Message History

The river rat bites you!
* * * LOW HITPOINT WARNING * * *
The river rat twitches its whiskers.
There is an open door here.
You hit the river rat.
You kick the river rat, but do no damage.
The river rat is severely wounded.
You hit the river rat but do no damage.
The river rat bites you but does no damage.
You block the river rat's attack. The river rat bites you.
* * * LOW HITPOINT WARNING * * *
You barely miss the river rat.
The river rat is severely wounded.
The river rat bites you!
* * * LOW HITPOINT WARNING * * *
You block the river rat's attack.
You hit the river rat but do no damage.
The river rat is severely wounded.
The river rat bites you.
You die...

#......≈≈%≈≈≈≈≈≈≈≈≈≈≈≈
##......≈≈≈≈≈≈≈≈≈≈≈≈≈≈≈
#.......≈≈≈≈≈≈≈≈≈≈≈≈≈≈≈
#....÷#################
##....## #.....#
#....##### #....##r.#
#.....r@.# ##....####
#.....#################
#......≈≈≈≈≈≈≈≈≈≈.≈≈≈≈≈
##......≈≈≈≈r≈≈≈..≈r≈≈≈
#.....≈≈≈≈≈≈≈≈.≈..≈≈≈≈
##....≈≈≈≈≈≈≈≈≈≈[≈≈≈≈≈
##....≈rr≈≈≈≈≈...≈≈≈≈
###..≈≈≈≈≈≈≈≈≈≈≈≈≈≈≈


You could see 2 river rats.

Vanquished Creatures
  The ghost of cireshan the Conjurer, an amateur DECj (D:3)
  A giant frog (D:3)
  8 adders
  6 river rats
  A worm (D:3)
  3 giant geckos
  An orc (D:3)
  3 giant cockroaches
  5 goblins
  6 hobgoblins
  2 jackals (D:1)
  2 quokkas
  4 ball pythons
  6 bats
  2 giant newts
  5 kobolds
  27 rats
83 creatures vanquished.

Notes
Turn   | Place    | Note
--------------------------------------------------------------
     0 | D:1      | gorblad the Centaur Fighter began the quest for the Orb.
     0 | D:1      | Reached XP level 1. HP: 19/19 MP: 1/1
    93 | D:1      | Reached XP level 2. HP: 23/26 MP: 2/2
   450 | D:1      | Reached skill level 4 in Fighting
   907 | D:2      | Reached XP level 3. HP: 33/33 MP: 3/3
  1670 | D:2      | Reached skill level 5 in Fighting
  1670 | D:2      | Reached XP level 4. HP: 36/42 MP: 4/4
  2040 | D:3      | Noticed a giant frog
  2044 | D:3      | Noticed cireshan's ghost (amateur DECj)
  2075 | D:3      | Killed a giant frog
  2075 | D:3      | Reached XP level 5. HP: 11/49 MP: 5/5
  2324 | D:3      | Killed cireshan's ghost
  2324 | D:3      | Reached skill level 6 in Fighting
  2551 | D:3      | Found an oddly glowing altar of Pakellas.
  2700 | D:3      | Reached XP level 6. HP: 14/57 MP: 6/6
  3360 | D:4      | Found a glowing drain.
  3379 | Sewer    | Entered a sewer
  3869 | Sewer    | Slain by a river rat

Vault maps used:
D:1:      dpeg_chamrin_arrival_tetris
D:3:      grunt_pakellas_mercury
D:4:      kennysheep_the_goblin_king, overflow_temple_1_default,
          minmay_temple_entry_large_hall, serial_shops, shop,
          portal_sewer_entry_e
Sewer:    sewer_minmay_w

Action                   |  1- 3 |  4- 6 || total
-------------------------+-------+-------++-------
Melee: Trident           |   119 |   187 ||   306
  Eat: Chunk             |     2 |       ||     2
       Beef jerky        |       |     1 ||     1
       Meat ration       |       |     1 ||     1
